Map: 16 Bits LE

Players

IagoAbreu - Winner!

  • Race: Zerg Zerg
  • Spawn Location: 1:00

I.A. 1 (Elite)

  • Race: Terran Terran
  • Spawn Location: 7:00

VOD

Have the link to the VOD?

Description

Time

  • Played on: May 17, 2018, 6:14 p.m.
  • Length: 8:07
Show
View Real Time Build Order
Export as new Build Order

IagoAbreu Zerg - Winner!

Build Orders: Hatch First, Roach Nydus 

Get SALT Encoding   

  12  0:04  Drone  
  13  0:09  Drone  
  14  0:18  Overlord  
  14  0:37  Drone x2  
  14  0:38  Drone  
  17  0:49  Drone  
  18  1:00  Hatchery  
  18  1:03  Extractor  
  16  1:04  Drone  
  17  1:12  Drone  
  18  1:21  Spawning Pool  
  17  1:27  Drone  
  17  1:31  Drone  
  19  1:42  Drone  
  20  1:56  Drone  
  21  2:05  Drone  
  22  2:12  Queen, Overlord  
  24  2:20  Drone  
  25  2:28  Drone  
  25  2:29  Drone  
  27  2:36  Drone  
  29  2:37  Drone  
  29  2:52  Queen  
  29  2:55  Drone x2  
  29  2:56  Drone  
  29  2:57  Lair  
  34  3:04  Drone  
  35  3:14  Hatchery  
  34  3:20  Overlord x2  
  34  3:22  Drone x2  
  36  3:34  Overlord x2  
  36  3:38  Queen  
  36  3:40  Drone x2  
  40  3:47  Roach Warren  
  39  3:53  Extractor  
  39  3:55  Extractor  
  37  3:56  Drone x2  
  39  4:08  Nydus Network  
  38  4:16  Queen x2  
  42  4:31  Roach x6  
  50  4:34  Roach  
  56  4:49  Roach x2  
  56  4:50  Roach  
  56  4:52  Drone  
  63  4:56  Queen  
  63  4:58  Queen  
  63  4:59  Queen  
  69  5:18  Spine Crawler  
  69  5:20  Roach x3  
  74  5:21  Overlord  
  74  5:22  Overlord x2  
  74  5:48  Roach x2  
  74  5:49  Roach x5  
  92  5:50  Roach x2  
  92  6:06  Roach  
  92  6:07  Roach x2  
  92  6:09  Nydus Canal  
  98  6:25  Nydus Canal  
  98  6:37  Roach  
  98  6:42  Overlord x3  
  98  6:54  Roach  
  100  7:01  Roach x3  
  100  7:02  Roach x5  
  114  7:13  Nydus Canal  
  114  7:18  Roach x3  
  114  7:19  Roach  
  122  7:24  Overlord x2  
  122  7:45  Roach x5  
  122  7:46  Nydus Canal  
Show
View Real Time Build Order
Export as new Build Order

I.A. 1 (Elite) Terran 

Build Orders:  

Get SALT Encoding   

  12  0:00  SCV  
  13  0:13  SCV  
  14  0:19  Supply Depot  
  14  0:25  SCV  
  15  0:41  SCV  
  16  0:43  Barracks  
  16  0:53  SCV  
  17  1:05  SCV  
  18  1:17  SCV, Supply Depot  
  19  1:22  Refinery  
  19  1:29  SCV, Marine  
  21  1:41  SCV  
  22  1:47  Marine  
  22  1:49  Refinery  
  22  1:53  SCV  
  24  2:05  Marine, SCV  
  26  2:18  SCV  
  26  2:22  Factory  
  27  2:23  Marine  
  28  2:30  SCV  
  29  2:40  Factory  
  29  2:41  Marine  
  29  2:42  SCV  
  29  2:43  Supply Depot  
  31  2:54  Orbital Command  
  31  3:04  Marine  
  31  3:05  Factory Tech Lab  
  32  3:19  SCV  
  33  3:22  Marine  
  33  3:23  Command Center  
  33  3:24  Factory Tech Lab  
  34  3:31  SCV  
  35  3:44  SCV  
  36  3:56  SCV  
  37  4:08  SCV, Supply Depot  
  38  4:15  Barracks  
  38  4:20  SCV  
  39  4:29  Siege Tank x2  
  45  4:32  SCV  
  45  4:34  SCV  
  47  4:39  Marine, Supply Depot  
  47  4:44  SCV  
  49  4:46  SCV  
  49  4:51  Supply Depot  
  50  4:56  SCV  
  50  4:58  SCV  
  52  5:01  Siege Tank  
  52  5:02  Siege Tank  
  58  5:08  SCV  
  58  5:10  SCV  
  58  5:13  Supply Depot  
  60  5:18  Marine, Armory  
  60  5:20  SCV  
  62  5:23  SCV  
  63  5:32  SCV  
  63  5:33  Siege Tank  
  63  5:35  SCV  
  68  5:39  Supply Depot  
  68  5:40  Marine  
  69  5:45  SCV, Hellion  
  69  5:47  SCV  
  73  5:59  Orbital Command  
  73  6:04  Barracks Tech Lab  
  73  6:06  Hellion  
  73  6:07  Armory, Hellion  
  77  6:33  Hellion  
  77  6:37  Marine  
  41  6:54  Marine  
  41  6:55  Hellion  
  24  7:12  Marine  
  15  7:19  SCV  
  7  7:31  Barracks Tech Lab  
  7  7:32  SCV  
  8  7:44  SCV  
Tags
 
Matchup
TvZ
Spawn Locations
Cross Positions
Strategy
Roach Nydus
Add a new tag
Caveats
  • Supply blocks, unpowered buildings, or Contaminate may cause inaccurate times.
  • Supply counts are checked every 10 seconds.